Map: Blackpink LE

Players

Scarlett

  • Race: Zerg Zerg
  • Spawn Location: 1:00

Kelazhur - Winner!

  • Race: Terran Terran
  • League: Master
  • Spawn Location: 7:00

VOD

Have the link to the VOD?

Description

Time

  • Played on: Feb. 1, 2018, 6:04 p.m.
  • Length: 13:14
Show
View Real Time Build Order
Export as new Build Order

Scarlett Zerg 

Build Orders: Pool First 

Get SALT Encoding   

  12  0:00  Drone  
  13  0:13  Overlord  
  13  0:17  Drone  
  14  0:31  Drone x2  
  16  0:40  Extractor  
  16  0:42  Spawning Pool  
  14  0:48  Drone  
  15  0:50  Drone  
  17  0:57  Drone  
  17  1:17  Hatchery  
  16  1:29  Zergling x6  
  19  1:41  Metabolic Boost  
  19  1:46  Queen  
  21  1:50  Drone  
  22  1:56  Overlord  
  22  2:15  Zergling x4  
  24  2:22  Queen  
  26  2:34  Zergling x2  
  26  2:35  Zergling x4  
  29  2:37  Queen  
  31  2:50  Drone  
  31  2:51  Drone x2  
  34  2:58  Overlord  
  34  3:03  Drone x2  
  36  3:09  Overlord  
  36  3:16  Queen  
  36  3:18  Drone x2  
  40  3:22  Drone  
  40  3:23  Drone  
  42  3:30  Drone  
  42  3:31  Queen  
  45  3:34  Drone  
  45  3:37  Drone  
  45  3:39  Drone  
  48  3:42  Drone  
  48  3:48  Drone x2  
  51  3:51  Overlord  
  51  3:53  Drone  
  52  4:02  Overlord  
  52  4:06  Overlord  
  52  4:08  Extractor  
  51  4:11  Drone x4  
  55  4:18  Zergling x4  
  57  4:25  Hatchery  
  57  4:31  Drone x3  
  59  4:35  Queen  
  61  4:43  Drone x5  
  66  4:53  Drone x3  
  66  4:57  Roach Warren  
  68  5:01  Spore Crawler  
  68  5:04  Spore Crawler  
  66  5:10  Lair  
  66  5:11  Drone x3  
  66  5:12  Drone  
  64  5:20  Zergling x8  
  65  5:29  Zergling x8  
  67  5:38  Drone  
  67  5:39  Drone x2  
  65  5:45  Drone x3  
  62  5:58  Drone  
  62  5:59  Drone x2, Evolution Chamber  
  62  6:00  Evolution Chamber  
  62  6:01  Queen, Extractor  
  63  6:04  Drone x2  
  63  6:05  Drone  
  63  6:07  Extractor  
  63  6:08  Overseer  
  65  6:11  Drone x2  
  65  6:12  Queen  
  65  6:14  Roach, Glial Reconstitution  
  65  6:18  Spore Crawler  
  69  6:20  Drone x4  
  69  6:24  Drone  
  74  6:27  Drone  
  74  6:29  Zerg Missile Weapons Level 1  
  74  6:32  Drone, Zerg Ground Armor Level 1  
  75  6:36  Drone x2  
  77  6:43  Roach x2  
  77  6:44  Overlord  
  81  6:50  Infestation Pit  
  81  6:52  Drone, Overlord  
  81  6:55  Overlord  
  77  7:16  Roach x2  
  77  7:18  Drone x4  
  77  7:19  Drone x4  
  77  7:20  Drone x6  
  90  7:26  Overlord  
  90  7:28  Drone  
  89  7:38  Roach x2, Extractor  
  89  7:39  Extractor  
  89  7:42  Hatchery  
  90  7:47  Roach x2  
  94  7:54  Hatchery  
  93  7:59  Drone, Hive  
  93  8:01  Drone x5  
  93  8:02  Drone, Hydralisk Den  
  99  8:07  Overlord x2  
  99  8:15  Drone x4  
  103  8:20  Roach  
  103  8:26  Roach x4  
  103  8:27  Roach  
  115  8:29  Zerg Missile Weapons Level 2, Zerg Melee Weapons Level 1  
  115  8:35  Overlord  
  115  8:36  Roach x3  
  115  8:39  Overlord  
  121  8:50  Overlord x2  
  121  9:00  Drone x3  
  121  9:01  Drone x5  
  129  9:04  Extractor x2  
  125  9:12  Drone  
  125  9:13  Drone x3  
  129  9:20  Viper  
  129  9:21  Viper x5  
  147  9:27  Spire  
  147  9:29  Extractor  
  142  9:32  Extractor  
  142  9:37  Drone  
  142  9:38  Drone x11  
  136  9:49  Drone x8  
  136  9:56  Grooved Spines  
  135  10:00  Queen  
  135  10:03  Drone x3  
  135  10:04  Drone x3  
  135  10:05  Hydralisk  
  144  10:07  Hydralisk  
  144  10:09  Hatchery  
  145  10:18  Hydralisk x5  
  155  10:26  Hydralisk x4  
  163  10:30  Overlord x2  
  163  10:34  Hydralisk  
  165  10:39  Overlord  
  165  10:46  Ravager  
  166  10:55  Hydralisk  
  166  10:56  Hydralisk x6  
  150  11:08  Muscular Augments  
  133  11:13  Hydralisk x11  
  151  11:28  Roach  
  151  11:29  Roach x3  
  151  11:31  Roach, Greater Spire  
  151  11:34  Roach  
  144  11:45  Roach x5  
  128  11:50  Roach x2  
  110  11:55  Viper  
  110  11:56  Viper  
  110  11:57  Viper x2  
  110  12:00  Ravager x5  
  125  12:01  Roach  
  125  12:02  Roach x4  
  132  12:11  Roach  
  132  12:12  Roach  
  120  12:24  Roach x6  
  132  12:36  Roach x6  
  129  12:42  Roach  
  129  12:43  Roach x2  
Show
View Real Time Build Order
Export as new Build Order

Kelazhur Terran - Winner!

Build Orders: Reaper Expand, Hellion Banshee 

Get SALT Encoding   

  12  0:00  SCV  
  13  0:12  SCV  
  14  0:17  Supply Depot  
  14  0:24  SCV  
  15  0:39  SCV, Barracks  
  16  0:44  Refinery  
  16  0:51  SCV  
  17  1:03  SCV  
  18  1:15  SCV  
  19  1:26  Reaper  
  19  1:27  Orbital Command  
  20  1:37  Command Center  
  20  1:47  Supply Depot  
  20  1:53  SCV  
  21  1:58  Marine  
  22  2:05  SCV, Factory  
  23  2:13  Refinery  
  23  2:17  SCV  
  23  2:21  Barracks Reactor  
  24  2:29  SCV  
  25  2:41  Command Center  
  25  2:43  SCV  
  26  2:51  Supply Depot  
  26  2:54  Starport  
  26  2:56  SCV  
  27  3:03  Hellion  
  27  3:04  Hellion  
  30  3:07  Barracks Tech Lab  
  30  3:08  SCV  
  31  3:21  SCV  
  31  3:25  Hellion x2  
  36  3:29  Supply Depot  
  37  3:37  Cloaking Field  
  37  3:41  Banshee  
  39  3:50  SCV, Hellion  
  39  3:52  Hellion  
  44  4:02  SCV  
  45  4:11  Armory  
  45  4:12  Hellion  
  45  4:14  Hellion, SCV  
  50  4:22  Orbital Command  
  50  4:28  Banshee  
  53  4:32  SCV  
  54  4:40  Supply Depot  
  54  4:45  Hellion x2  
  58  4:46  SCV  
  58  4:49  SCV  
  60  4:58  SCV  
  61  5:01  SCV  
  61  5:03  Supply Depot  
  61  5:04  Hellion  
  62  5:10  SCV  
  62  5:13  SCV  
  61  5:22  SCV  
  61  5:25  SCV  
  61  5:26  Hellion x2  
  61  5:27  Supply Depot  
  67  5:30  Banshee  
  67  5:34  SCV  
  67  5:37  SCV  
  67  5:41  Terran Vehicle Weapons Level 1  
  61  5:46  SCV  
  61  5:48  Hellion x2  
  61  5:49  SCV  
  56  5:58  SCV  
  56  5:59  Command Center  
  56  6:02  SCV  
  58  6:10  SCV  
  59  6:13  Hellion x2  
  59  6:14  SCV  
  59  6:15  Hellion x2  
  59  6:17  Refinery x2  
  59  6:18  Viking  
  66  6:19  Supply Depot  
  66  6:22  SCV  
  67  6:26  SCV  
  67  6:32  Barracks Tech Lab  
  68  6:33  Factory  
  68  6:34  SCV, Factory  
  68  6:36  Hellion  
  68  6:37  Hellion  
  68  6:39  SCV  
  74  6:47  SCV  
  75  6:48  Engineering Bay  
  75  6:51  SCV, Armory  
  76  6:59  SCV  
  77  7:03  Hellion x2  
  77  7:04  Starport Reactor, SCV  
  82  7:11  SCV  
  81  7:16  SCV, Orbital Command  
  82  7:23  SCV  
  82  7:28  Hellion x2, Thor x2  
  99  7:35  SCV  
  100  7:40  Factory  
  100  7:41  Factory  
  100  7:44  SCV  
  100  7:46  Supply Depot  
  100  7:47  Orbital Command  
  100  7:48  SCV, Medivac x2  
  106  7:54  Hellion  
  106  7:56  SCV  
  109  8:08  SCV x2, Hellion  
  109  8:10  Terran Vehicle And Ship Armor Level 1  
  109  8:11  Supply Depot, Refinery x2  
  109  8:12  Supply Depot x2  
  113  8:13  Terran Vehicle Weapons Level 2  
  113  8:22  Siege Tank  
  113  8:23  SCV  
  117  8:33  SCV x2, Siege Tank, Hellion  
  124  8:36  Supply Depot x2  
  124  8:37  SCV  
  124  8:38  Supply Depot  
  125  8:45  Viking, Factory Tech Lab, Factory Reactor  
  127  8:48  Viking, Hellion x11  
  127  8:50  SCV x2  
  131  9:02  Siege Tank  
  131  9:03  Hellion  
  130  9:10  Siege Tank x2  
  130  9:11  Hellion  
  130  9:15  Viking  
  140  9:22  Infernal Pre-Igniter  
  142  9:24  Hellion x3  
  144  9:33  Command Center  
  144  9:35  Siege Tank  
  145  9:42  Siege Tank  
  144  9:46  Siege Tank  
  144  9:47  Hellion x2  
  144  9:50  Viking, Hellion x2  
  155  10:01  Supply Depot  
  155  10:02  Engineering Bay  
  143  10:08  Hellion, Siege Tank  
  152  10:14  Hellion x3  
  152  10:15  Siege Tank  
  152  10:16  Viking  
  159  10:26  Missile Turret, Refinery  
  159  10:29  Siege Tank, Refinery  
  159  10:30  Hellion  
  159  10:31  Viking  
  166  10:36  Hellion  
  166  10:40  Siege Tank  
  167  10:56  Siege Tank  
  164  11:01  Siege Tank  
  164  11:02  Hellion x2  
  159  11:07  Viking x2  
  159  11:10  Hellion x2  
  153  11:12  Siege Tank  
  150  11:23  Hellion x2  
  147  11:28  Siege Tank  
  147  11:31  Hellion  
  152  11:33  Siege Tank  
  152  11:36  Viking  
  147  11:41  Hellion  
  147  11:43  Missile Turret  
  147  11:44  Hellion, Siege Tank  
  147  11:45  Hellion  
  147  11:46  Missile Turret  
  144  11:48  SCV x2  
  144  11:49  SCV  
  144  11:53  Hellion  
  138  12:00  Siege Tank  
  141  12:02  Hellion  
  141  12:05  Siege Tank  
  146  12:14  Viking x2  
  150  12:16  Siege Tank  
  150  12:22  Hellion  
  147  12:31  Hellion  
  147  12:32  Siege Tank  
  145  12:37  Siege Tank  
  146  12:47  Hellion x2  
Tags
 
Add a new tag
Caveats
  • Supply blocks, unpowered buildings, or Contaminate may cause inaccurate times.
  • Supply counts are checked every 10 seconds.